TOP OF THE 1ST |
New Hampshire Fisher Cats batting - Pitching for West Virginia Power : LHP Ricardo Guichardo
|
Pitching: LHP Ricardo Guichardo
|
|
Batting: RHB Roberto Gonzáles
|
0-0: Called Strike 0-1: Ball 1-1: Foul Ball, location: 2F 1-2: SINGLE (Line Drive, 6D)
|
Batting: RHB Anthony Hezell
|
0-0: Called Strike 0-1: Hit by Pitch Roberto Gonzáles to second
|
Batting: RHB Michael Barraclough
|
0-0: Ground out 3-1 (Groundball, 34) Roberto Gonzáles to third Anthony Hezell to second
|
Batting: LHB Tom Mullins
|
0-0: Ball 1-0: Foul Ball, location: 2F 1-1: Foul Ball, location: 2F 1-2: Strikes out swinging
|
Batting: RHB Keith Ford
|
0-0: Ball 1-0: Ball 2-0: Ball 3-0: Called Strike 3-1: Foul Ball, location: 2F 3-2: Base on Balls
|
Batting: RHB Felipe Rivas
|
0-0: Called Strike 0-1: Foul Ball, location: 2F 0-2: Strikes out looking
|
Top of the 1st over - 0 run(s), 1 hit(s), 0 error(s), 3 left on base; New Hampshire 0 - West Virginia 0 |
BOTTOM OF THE 1ST |
West Virginia Power batting - Pitching for New Hampshire Fisher Cats : RHP Gustavo Rodríguez
|
Pitching: RHP Gustavo Rodríguez
|
|
Batting: RHB Norberto Márquez
|
0-0: Ball 1-0: Hit by Pitch
|
Batting: RHB Len Burke
|
0-0: Called Strike 0-1: Ball 1-1: Ball 2-1: Ground out 5-3 (Groundball, 5S) Norberto Márquez to second
|
Batting: RHB Lance Wolf
|
0-0: Fly out, F8 (Flyball, 8LM)
|
Batting: LHB Bernardo Montés
|
0-0: Called Strike 0-1: Swinging Strike 0-2: Ball 1-2: Ball 2-2: Foul Ball, location: 2F 2-2: Strikes out swinging
|
Bottom of the 1st over - 0 run(s), 0 hit(s), 0 error(s), 1 left on base; New Hampshire 0 - West Virginia 0 |
TOP OF THE 2ND |
New Hampshire Fisher Cats batting - Pitching for West Virginia Power : LHP Ricardo Guichardo
|
Batting: RHB Kun Liu
|
0-0: Ball 1-0: Ball 2-0: SINGLE (Line Drive, 4D)
|
Batting: LHB Cam Flowers
|
0-0: Ball 1-0: Ball 2-0: Called Strike 2-1: Ball 3-1: Called Strike 3-2: Grounds into double play, 1-6-3 (Groundball, 15)
|
Batting: RHB Tim Robertson
|
0-0: Called Strike 0-1: Swinging Strike 0-2: SINGLE (Line Drive, 78S)
|
Batting: RHB Roberto Gonzáles
|
0-0: Foul Ball, location: 2F 0-1: Called Strike 0-2: Strikes out swinging
|
Top of the 2nd over - 0 run(s), 2 hit(s), 0 error(s), 1 left on base; New Hampshire 0 - West Virginia 0 |
BOTTOM OF THE 2ND |
West Virginia Power batting - Pitching for New Hampshire Fisher Cats : RHP Gustavo Rodríguez
|
Batting: LHB Lúcio Anaya
|
0-0: Ball 1-0: Foul Ball, location: 2F 1-1: Ball 2-1: Swinging Strike 2-2: Ball 3-2: Base on Balls
|
Batting: LHB Héctor Soto
|
0-0: Ball 1-0: 2-RUN HOME RUN (Flyball, 89XD), Distance : 435 ft
|
Batting: RHB Brett Bell
|
0-0: Ball 1-0: Foul Ball, location: 2F 1-1: SINGLE (Flyball, 8LM)
|
Batting: RHB Gonzalo Gil
|
0-0: Ball 1-0: Foul Ball, location: 2F 1-1: Foul Ball, location: 2F 1-2: Foul Ball, location: 2F 1-2: Ball 2-2: 2-RUN HOME RUN (Flyball, 78XD), Distance : 415 ft
|
Batting: RHB Will Lott
|
0-0: Called Strike 0-1: Ball 1-1: Foul Ball, location: 2F 1-2: Foul Ball, location: 2F 1-2: Ball 2-2: Ground out 5-3 (Groundball, 56)
|
Batting: RHB Norberto Márquez
|
0-0: Fly out, F9 (Flyball, 89M)
|
Batting: RHB Len Burke
|
0-0: Called Strike 0-1: Called Strike 0-2: Strikes out swinging
|
Bottom of the 2nd over - 4 run(s), 3 hit(s), 0 error(s), 0 left on base; New Hampshire 0 - West Virginia 4 |
TOP OF THE 3RD |
New Hampshire Fisher Cats batting - Pitching for West Virginia Power : LHP Ricardo Guichardo
|
Batting: RHB Anthony Hezell
|
0-0: Ball 1-0: Ball 2-0: SINGLE (Groundball, 56D)
|
Batting: RHB Michael Barraclough
|
0-0: Called Strike 0-1: Swinging Strike 0-2: Strikes out swinging
|
Batting: LHB Tom Mullins
|
0-0: Called Strike Anthony Hezell steals 2nd base 0-1: Foul Ball, location: 2F 0-2: Foul Ball, location: 2F 0-2: Strikes out looking
|
Batting: RHB Keith Ford
|
0-0: Ball 1-0: Ball 2-0: Ball 3-0: Base on Balls
|
Batting: RHB Felipe Rivas
|
0-0: Ball 1-0: Ball 2-0: Ball 3-0: Called Strike 3-1: DOUBLE (Line Drive, 7LM) Anthony Hezell scores Keith Ford to third
|
Batting: RHB Kun Liu
|
0-0: Ball Passed Ball! Keith Ford scores Felipe Rivas to third 1-0: Fly out, F4 (Popup, 4MD)
|
Top of the 3rd over - 2 run(s), 2 hit(s), 0 error(s), 1 left on base; New Hampshire 2 - West Virginia 4 |
BOTTOM OF THE 3RD |
West Virginia Power batting - Pitching for New Hampshire Fisher Cats : RHP Gustavo Rodríguez
|
Batting: RHB Lance Wolf
|
0-0: Called Strike 0-1: Foul Ball, location: 2F 0-2: Fly out, F7 (Flyball, 7D)
|
Batting: LHB Bernardo Montés
|
0-0: Ball 1-0: Ball 2-0: Called Strike 2-1: Foul Ball, location: 2F 2-2: Ball 3-2: Strikes out looking
|
Batting: LHB Lúcio Anaya
|
0-0: Swinging Strike 0-1: Ball 1-1: Called Strike 1-2: Foul Ball, location: 2F 1-2: Foul Ball, location: 2F 1-2: Ball 2-2: Ball 3-2: Strikes out swinging
|
Bottom of the 3rd over - 0 run(s), 0 hit(s), 0 error(s), 0 left on base; New Hampshire 2 - West Virginia 4 |
TOP OF THE 4TH |
New Hampshire Fisher Cats batting - Pitching for West Virginia Power : LHP Ricardo Guichardo
|
Batting: LHB Cam Flowers
|
0-0: Ball 1-0: Ball 2-0: Called Strike 2-1: Foul Ball, location: 2F 2-2: Ground out 6-3 (Groundball, 6)
|
Batting: RHB Tim Robertson
|
0-0: Ball 1-0: Ball 2-0: Ball 3-0: Called Strike 3-1: Foul Ball, location: 2F 3-2: Base on Balls
|
Batting: RHB Roberto Gonzáles
|
0-0: Foul Ball, location: 2F 0-1: Swinging Strike 0-2: Strikes out swinging
|
Batting: RHB Anthony Hezell
|
0-0: Ball 1-0: Called Strike 1-1: Foul Ball, location: 2F 1-2: Foul Ball, location: 2F 1-2: 2-RUN HOME RUN (Line Drive, 89D), Distance : 414 ft
|
Batting: RHB Michael Barraclough
|
0-0: Ball 1-0: Ball 2-0: Called Strike 2-1: SINGLE (Line Drive, 8LS)
|
Batting: LHB Tom Mullins
|
0-0: Called Strike 0-1: Called Strike 0-2: Strikes out swinging
|
Top of the 4th over - 2 run(s), 2 hit(s), 0 error(s), 1 left on base; New Hampshire 4 - West Virginia 4 |
BOTTOM OF THE 4TH |
West Virginia Power batting - Pitching for New Hampshire Fisher Cats : RHP Gustavo Rodríguez
|
Batting: LHB Héctor Soto
|
0-0: Called Strike 0-1: Ball 1-1: Swinging Strike 1-2: Ball 2-2: Strikes out looking
|
Batting: RHB Brett Bell
|
0-0: Ball 1-0: SINGLE (Groundball, 56D)
|
Batting: RHB Gonzalo Gil
|
0-0: Ball 1-0: Ball 2-0: Grounds into double play, 5-4-3 (Groundball, 5)
|
Bottom of the 4th over - 0 run(s), 1 hit(s), 0 error(s), 0 left on base; New Hampshire 4 - West Virginia 4 |
TOP OF THE 5TH |
New Hampshire Fisher Cats batting - Pitching for West Virginia Power : LHP Ricardo Guichardo
|
Batting: RHB Keith Ford
|
0-0: Called Strike 0-1: Ball 1-1: Foul Ball, location: 2F 1-2: Ball 2-2: Foul Ball, location: 2F 2-2: SINGLE (Groundball, 5L)
|
Batting: RHB Felipe Rivas
|
0-0: Ball 1-0: Ball 2-0: SINGLE (Flyball, 8RS) Keith Ford to second
|
Batting: RHB Kun Liu
|
0-0: Ball 1-0: Called Strike 1-1: Grounds into double play, 1-6-3 (Groundball, 13) Keith Ford to third
|
Batting: LHB Cam Flowers
|
0-0: Ball 1-0: SINGLE (Groundball, 3D) Keith Ford scores
|
Pitching: RHP Mitch Irwin
|
|
Batting: RHB Tim Robertson
|
0-0: Ball 1-0: Ball 2-0: Ball 3-0: Called Strike 3-1: Reached on error, E3 (Groundball, 3S) Cam Flowers to second
|
Batting: RHB Roberto Gonzáles
|
0-0: Ball 1-0: Ball 2-0: Ground out 6-3 (Groundball, 6)
|
Top of the 5th over - 1 run(s), 3 hit(s), 1 error(s), 2 left on base; New Hampshire 5 - West Virginia 4 |
BOTTOM OF THE 5TH |
West Virginia Power batting - Pitching for New Hampshire Fisher Cats : RHP Gustavo Rodríguez
|
Batting: RHB Will Lott
|
0-0: Called Strike 0-1: Ball 1-1: Ball 2-1: Ball 3-1: Called Strike 3-2: Foul Ball, location: 2F 3-2: Fly out, F8 (Flyball, 8LD)
|
Batting: RHB Norberto Márquez
|
0-0: Ball 1-0: Foul Ball, location: 2F 1-1: Called Strike 1-2: Ground out 5-3 (Groundball, 56)
|
Batting: RHB Len Burke
|
0-0: Ball 1-0: Called Strike 1-1: Called Strike 1-2: Strikes out swinging
|
Bottom of the 5th over - 0 run(s), 0 hit(s), 0 error(s), 0 left on base; New Hampshire 5 - West Virginia 4 |
TOP OF THE 6TH |
New Hampshire Fisher Cats batting - Pitching for West Virginia Power : RHP Mitch Irwin
|
Batting: RHB Anthony Hezell
|
0-0: Called Strike 0-1: Foul Ball, location: 2F 0-2: Strikes out looking
|
Batting: RHB Michael Barraclough
|
0-0: Foul Ball, location: 2F 0-1: SINGLE (Line Drive, 56D)
|
Batting: LHB Tom Mullins
|
0-0: Ball 1-0: Ball 2-0: Called Strike 2-1: SINGLE (Groundball, 56D) Michael Barraclough to second
|
Batting: RHB Keith Ford
|
0-0: SINGLE (Groundball, 34D) Michael Barraclough to third Tom Mullins to second Runner from 3rd tries for Home, SAFE, no throw or cutoff
|
Batting: RHB Felipe Rivas
|
0-0: Ball 1-0: Ball 2-0: Called Strike 2-1: 3-RUN HOME RUN (Flyball, 8LXD), Distance : 418 ft
|
Pitching: RHP Mark Osborne
|
|
Batting: RHB Kun Liu
|
0-0: Swinging Strike 0-1: Ground out 6-3 (Groundball, 6M)
|
Batting: LHB Cam Flowers
|
0-0: Foul Ball, location: 2F 0-1: Ball 1-1: Ball Single, Error in OF, E8, batter to second base
|
Batting: RHB Tim Robertson
|
0-0: Called Strike 0-1: Ball 1-1: Ball 2-1: Ball 3-1: Base on Balls
|
Batting: RHB Roberto Gonzáles
|
0-0: Ground out 6-3 (Groundball, 6)
|
Top of the 6th over - 4 run(s), 5 hit(s), 1 error(s), 2 left on base; New Hampshire 9 - West Virginia 4 |
BOTTOM OF THE 6TH |
West Virginia Power batting - Pitching for New Hampshire Fisher Cats : RHP Gustavo Rodríguez
|
Pitching: RHP Andrés Macías
|
|
Batting: RHB Lance Wolf
|
0-0: Ball 1-0: SINGLE (Groundball, 3D)
|
Batting: LHB Bernardo Montés
|
0-0: Ball 1-0: Called Strike 1-1: Called Strike 1-2: Ball 2-2: Foul Ball, location: 2F 2-2: Fly out, F6 (Line Drive, 6M)
|
Batting: LHB Lúcio Anaya
|
0-0: Called Strike 0-1: Ball 1-1: Foul Ball, location: 2F 1-2: Ball 2-2: Strikes out swinging
|
Batting: LHB Héctor Soto
|
0-0: Fielders Choice at 2nd, U6 (Groundball, 6M)
|
Bottom of the 6th over - 0 run(s), 1 hit(s), 0 error(s), 1 left on base; New Hampshire 9 - West Virginia 4 |
TOP OF THE 7TH |
New Hampshire Fisher Cats batting - Pitching for West Virginia Power : RHP Mark Osborne
|
Batting: RHB Anthony Hezell
|
0-0: Called Strike 0-1: Ball 1-1: Ball 2-1: Ball 3-1: Base on Balls
|
Batting: RHB Michael Barraclough
|
0-0: Ball 1-0: Called Strike 1-1: 2-RUN HOME RUN (Flyball, 9D), Distance : 369 ft
|
Batting: LHB Tom Mullins
|
0-0: Ball 1-0: Swinging Strike 1-1: Foul Ball, location: 2F 1-2: Foul Ball, location: 2F 1-2: Foul Ball, location: 2F 1-2: Strikes out swinging
|
Batting: RHB Keith Ford
|
0-0: Ball 1-0: Ball 2-0: Called Strike 2-1: Fly out, F9 (Flyball, 89D)
|
Batting: RHB Felipe Rivas
|
0-0: Ball 1-0: Called Strike 1-1: Foul Ball, location: 2F 1-2: Ball 2-2: Fly out, F9 (Flyball, 9S)
|
Top of the 7th over - 2 run(s), 1 hit(s), 0 error(s), 0 left on base; New Hampshire 11 - West Virginia 4 |
BOTTOM OF THE 7TH |
West Virginia Power batting - Pitching for New Hampshire Fisher Cats : RHP Andrés Macías
|
Batting: RHB Brett Bell
|
0-0: Ball 1-0: Foul Ball, location: 2F 1-1: Foul Ball, location: 2F 1-2: Strikes out swinging
|
Batting: RHB Gonzalo Gil
|
0-0: SINGLE (Groundball, 6D)
|
Batting: RHB Will Lott
|
0-0: Foul Ball, location: 2F 0-1: Swinging Strike 0-2: Ball 1-2: Strikes out looking Gonzalo Gil is caught stealing 2nd base Batter strikes out.
|
Bottom of the 7th over - 0 run(s), 1 hit(s), 0 error(s), 0 left on base; New Hampshire 11 - West Virginia 4 |
TOP OF THE 8TH |
New Hampshire Fisher Cats batting - Pitching for West Virginia Power : RHP Mark Osborne
|
Batting: RHB Kun Liu
|
0-0: Called Strike 0-1: Ball 1-1: Swinging Strike 1-2: Ball 2-2: Ball 3-2: Foul Ball, location: 2F 3-2: Base on Balls
|
Pitching: RHP Aurelio Barrón
|
|
Batting: LHB Cam Flowers
|
0-0: Foul Ball, location: 2F 0-1: Grounds into double play, 4-6-3 (Groundball, 4)
|
Batting: RHB Tim Robertson
|
0-0: Ball 1-0: Called Strike 1-1: Ball 2-1: Ball 3-1: Base on Balls
|
Batting: RHB Roberto Gonzáles
|
0-0: Ball 1-0: Ball 2-0: Foul Ball, location: 2F 2-1: Swinging Strike 2-2: Strikes out swinging
|
Top of the 8th over - 0 run(s), 0 hit(s), 0 error(s), 1 left on base; New Hampshire 11 - West Virginia 4 |
BOTTOM OF THE 8TH |
West Virginia Power batting - Pitching for New Hampshire Fisher Cats : RHP Andrés Macías
|
Pitching: LHP Artie Nelson
|
|
Batting: RHB Norberto Márquez
|
0-0: Swinging Strike 0-1: Foul Ball, location: 2F 0-2: Ball 1-2: Strikes out swinging
|
Batting: RHB Len Burke
|
0-0: Called Strike 0-1: SINGLE (Groundball, 6D)
|
Batting: RHB Lance Wolf
|
0-0: Called Strike 0-1: Called Strike 0-2: Ball 1-2: Strikes out looking
|
Batting: LHB Bernardo Montés
|
0-0: Foul Ball, location: 2F 0-1: Ball 1-1: SINGLE (Groundball, 13) (infield hit) Len Burke to second
|
Batting: LHB Lúcio Anaya
|
0-0: Ground out 4-3 (Groundball, 4)
|
Bottom of the 8th over - 0 run(s), 2 hit(s), 0 error(s), 2 left on base; New Hampshire 11 - West Virginia 4 |
TOP OF THE 9TH |
New Hampshire Fisher Cats batting - Pitching for West Virginia Power : RHP Aurelio Barrón
|
Batting: RHB Anthony Hezell
|
0-0: Ball 1-0: Foul Ball, location: 2F 1-1: Ball 2-1: Ball 3-1: Fly out, F8 (Popup, 6MD)
|
Batting: RHB Michael Barraclough
|
0-0: Ball 1-0: Ball 2-0: Ball 3-0: Called Strike 3-1: Base on Balls
|
Batting: LHB Tom Mullins
|
0-0: Ball 1-0: Called Strike 1-1: Foul Ball, location: 2F 1-2: Strikes out swinging
|
Batting: RHB Keith Ford
|
0-0: Ball 1-0: Called Strike 1-1: Swinging Strike 1-2: Strikes out swinging
|
Top of the 9th over - 0 run(s), 0 hit(s), 0 error(s), 1 left on base; New Hampshire 11 - West Virginia 4 |
BOTTOM OF THE 9TH |
West Virginia Power batting - Pitching for New Hampshire Fisher Cats : LHP Artie Nelson
|
Batting: LHB Héctor Soto
|
0-0: Ball 1-0: Ball 2-0: Ball 3-0: Called Strike 3-1: Called Strike 3-2: SINGLE (Groundball, 3D)
|
Batting: RHB Brett Bell
|
0-0: Called Strike 0-1: Called Strike 0-2: Ball 1-2: Foul Ball, location: 2F 1-2: Foul Ball, location: 2F 1-2: Ball 2-2: Ball 3-2: Base on Balls Héctor Soto to second
|
Batting: RHB Gonzalo Gil
|
0-0: Called Strike 0-1: Ball 1-1: Fly out, F7 (Flyball, 7M)
|
Batting: RHB Will Lott
|
0-0: Reached on error, E6 (Groundball, 6M) Héctor Soto to third Brett Bell to second
|
Batting: RHB Norberto Márquez
|
0-0: Ball 1-0: Ground out 5-3 (Groundball, 5S) Héctor Soto scores Brett Bell to third Will Lott to second
|
Batting: RHB Len Burke
|
0-0: Fly out, F8 (Flyball, 8RM)
|
Bottom of the 9th over - 1 run(s), 1 hit(s), 1 error(s), 2 left on base; New Hampshire 11 - West Virginia 5 |
|